 Dungeon Crawl Stone Soup version 0.29.1-12-g30fa7ad0bf (webtiles) character file.

Game seed: 14977820055412612928

2062 Descartes the Blocker (level 9, 0/68 HPs)
             Began as a Formicid Fighter on Jan 4, 2023.
             Was an Initiate of Gozag.
             Succumbed to a killer bee's poison
             ... on level 7 of the Dungeon.
             The game lasted 00:12:48 (6144 turns).

Descartes the Blocker (Formicid Fighter)            Turns: 6144, Time: 00:12:48

Health: 0/68       AC: 11    Str: 23    XL:     9   Next: 50%
Magic:  14/14      EV:  8    Int: 16    God:    Gozag
Gold:   835        SH:  6    Dex: 13    Spells: 10/15 levels left

rFire   . . .      SeeInvis +   a - +0 war axe (vorpal)
rCold   . . .      Faith    .   c - +0 buckler
rNeg    . . .      Spirit   .   j - +0 chain mail
rPois   .          Reflect  .   (helmet unavailable)
rElec   .          Harm     .   (no cloak)
rCorr   .          Rampage  .   m - +0 pair of gloves
Will    .....                   (no boots)
Stlth   ..........              g - amulet of regeneration
HPRegen 1.01/turn               e - +6 ring of intelligence
MPRegen 0.14/turn               (no ring)

@: lethally poisoned (0 -> -9)
A: permanent stasis, dig shafts and tunnels, antennae 3, four strong arms
a: Dig, Shaft Self, Renounce Religion, Potion Petition, Call Merchant, Bribe
Branch


You were on level 7 of the Dungeon.
You worshipped Gozag.
Gozag was pleased with you.
You visited 2 branches of the dungeon, and saw 8 of its levels.
You also visited: Sewer.

You collected 892 gold pieces.
You paid 57 gold pieces to Gozag.

Inventory:

Hand Weapons
 a - a +0 vorpal war axe (weapon)
Missiles
 k - 15 poisoned darts
 q - 10 boomerangs
 u - 5 curare-tipped darts
Armour
 b - a +0 scale mail
 c - a +0 buckler (worn)
 j - a +0 chain mail (worn)
 m - a +0 pair of gloves (worn)
Jewellery
 e - a +6 ring of intelligence (left hand)
 g - an amulet of regeneration (around neck)
 t - a ring of magical power
Scrolls
 f - a scroll of poison
 h - a scroll of silence
 r - a scroll of enchant weapon
 y - a scroll of fear
 z - a scroll of noise
 A - a scroll of vulnerability
Potions
 d - 2 potions of might
 i - a potion of cancellation {unknown}
 l - 8 potions of curing
 n - 3 potions of haste
 o - a potion of flight {unknown}
 p - 2 potions of magic {unknown}
 s - 3 potions of attraction
 v - a potion of degeneration {unknown}
 w - a potion of brilliance {unknown}
 x - a potion of heal wounds {unknown}


   Skills:
 - Level 5.0 Fighting
 + Level 4.5 Axes
 + Level 5.5 Armour
 * Level 8.8 Shields
 + Level 3.8 Spellcasting
 * Level 4.4 Translocations
 + Level 4.2 Evocations


You had 10 spell levels left.
You knew the following spells:

 Your Spells              Type           Power      Damage    Failure   Level
a - Manifold Assault      Tloc           17%        N/A       99%         5

Your spell library contained the following spells:

 Spells                   Type           Power      Damage    Failure   Level
 Apportation              Tloc           34%        N/A       22%         1
 Poisonous Vapours        Pois/Air       6%         N/A       91%         2
 Sublimation of Blood     Necr           3%         N/A       91%         2
 Wereblood                Tmut           3%         N/A       91%         2
 Ignite Poison            Fire/Tmut/Pois 3%         N/A       99%         3
 Mephitic Cloud           Conj/Pois/Air  3%         N/A       99%         3
 Alistair's Intoxication  Tmut/Pois      2%         N/A       100%        5
 Freezing Cloud           Conj/Ice/Air   1%         6-21      100%        5
 Storm Form               Tmut/Air       1%         N/A       100%        7
 Summon Hydra             Summ           1%         N/A       100%        7
 Blink                    Tloc           Unusable   N/A       N/A         2
 Corpse Rot               Necr/Pois/Air  Unusable   N/A       N/A         4

Dungeon Overview and Level Annotations

Branches:
Dungeon (7/15)             Temple (1/1) D:4           Sewer (visited)

Altars:
Ashenzari
Cheibriados
Dithmenos
Elyvilon
Fedhas
Gozag
Hepliaklqana
Kikubaaqudgha
Makhleb
Nemelex Xobeh
Okawaru
Qazlal
Ru
Sif Muna
Trog
Uskayaw
Vehumet
Wu Jian
Xom
Yredelemnul
Zin
The Shining One


Innate Abilities, Weirdness & Mutations

You cannot be hasted, slowed, berserked, paralysed or teleported.
You can dig through walls and to a lower floor.
You have a pair of large antennae on your head. (SInv)
Your four strong arms can wield two-handed weapons with a shield.


Message History

You barely miss the killer bee.
You feel very sick.
The killer bee stings you but does no damage. x2
You miss the killer bee.
You feel sick.
The killer bee stings you but does no damage.
The killer bee barely misses you. x2
You closely miss the killer bee.
You feel sick. The killer bee stings you.
* * * LOW HITPOINT WARNING * * *
You are more poisoned.
The killer bee poisons you! You block the killer bee's attack.
You miss the killer bee.
You feel very sick.
The killer bee barely misses you. x2; The killer bee closely misses you.
You barely miss the killer bee.
You feel sick. The killer bee barely misses you.
The killer bee is distracted by your dazzling golden aura.
You miss the killer bee.
The killer bee is no longer distracted by gold.
The killer bee buzzes angrily.
You feel sick. The killer bee stings you.
* * * LOW HITPOINT WARNING * * *
You are more poisoned.
The killer bee poisons you! The killer bee barely misses you.
You block the killer bee's attack.
You slash the killer bee!
The killer bee is severely wounded.
You feel very sick. The killer bee barely misses you.
The killer bee stings you but does no damage.
You block the killer bee's attack.
You barely miss the killer bee.
The killer bee is severely wounded.
You feel sick. The killer bee stings you.
* * * LOW HITPOINT WARNING * * *
You are lethally poisoned!
The killer bee poisons you! The killer bee barely misses you.
You closely miss the killer bee.
The killer bee is severely wounded.
You die...
Your body crumbles into a pile of gold.

..# .. ##.
####..#
.........##
#.........##
#........y.##
##....# ##y..#
####.....# #@#.##
.........#####?.#
.........##....#
.. #.........##.#
... ##...######
.# #.. ##...## ##
#.###.....####
#....##.....#
####....##...###


You could see 2 killer bees.

Vanquished Creatures
  Grinder (D:5)
  Prince Ribbit (D:5)
  A water moccasin (D:5)
  A sky beast (D:6)
  2 black bears (D:4)
  2 ice beasts
  A centaur (D:5)
  A kobold brigand (Sewer)
  4 scorpions
  A necrophage (D:4)
  2 killer bees (D:7)
  4 hounds
  3 orc priests (D:5)
  4 orc wizards
  12 adders
  7 river rats
  An ufetubus (D:6)
  2 worms
  2 dart slugs
  15 orcs
  5 bats
  10 endoplasms
  9 giant cockroaches
  9 goblins
  3 hobgoblins
  2 jackals
  8 quokkas
  8 ball pythons
  4 frilled lizards
  10 kobolds
  11 rats
146 creatures vanquished.

Vanquished Creatures (others)
  13 plants (Sewer)
13 creatures vanquished.

Grand Total: 159 creatures vanquished

Notes
Turn   | Place    | Note
-------+----------+-------------------------------------------
     0 | D:1      | Descartes the Formicid Fighter began the quest for the Orb.
     0 | D:1      | Reached XP level 1. HP: 18/18 MP: 1/1
   157 | D:1      | Reached XP level 2. HP: 24/24 MP: 2/2
   449 | D:1      | Reached XP level 3. HP: 29/29 MP: 3/3
   616 | D:1      | Reached skill level 1 in Evocations
  1040 | D:2      | Reached XP level 4. HP: 31/35 MP: 5/5
  1081 | D:2      | You fall into a shaft and drop 2 floors!
  1089 | D:4      | Noticed a scorpion
  1101 | D:4      | Killed a scorpion
  1102 | D:4      | Reached skill level 5 in Shields
  1102 | D:4      | Reached skill level 1 in Spellcasting
  1102 | D:4      | Reached skill level 1 in Translocations
  1102 | D:4      | Reached XP level 5. HP: 42/42 MP: 6/6
  1295 | D:4      | Found a glowing drain.
  1299 | Sewer    | Entered a sewer
  1302 | Sewer    | Noticed a kobold brigand
  1334 | Sewer    | Killed a kobold brigand
  1335 | Sewer    | Reached XP level 6. HP: 31/48 MP: 6/8
  2104 | D:4      | Reached skill level 6 in Shields
  2104 | D:4      | Reached XP level 7. HP: 41/45 MP: 9/9
  2158 | D:4      | Found a staircase to the Ecumenical Temple.
  2168 | Temple   | Entered the Ecumenical Temple
  2212 | Temple   | Became a worshipper of Gozag Ym Sagoz the Greedy
  2751 | D:3      | Learned a level 5 spell: Manifold Assault
  2832 | D:3      | Found a shadowy altar of Dithmenos.
  2832 | D:3      | Found an iron altar of Okawaru.
  3545 | D:2      | Found a snail-covered altar of Cheibriados.
  3797 | D:2      | Found a faded altar of an unknown god.
  4142 | D:5      | Entered Level 5 of the Dungeon
  4167 | D:5      | Noticed Grinder
  4199 | D:5      | Killed Grinder
  4200 | D:5      | Reached skill level 7 in Shields
  4200 | D:5      | Reached XP level 8. HP: 5/61 MP: 11/11
  4863 | D:5      | Reached skill level 5 in Fighting
  4925 | D:5      | Reached skill level 5 in Armour
  5071 | D:5      | Noticed Prince Ribbit
  5094 | D:5      | Killed Prince Ribbit
  5095 | D:5      | Reached skill level 8 in Shields
  5095 | D:5      | Reached XP level 9. HP: 53/68 MP: 13/13
  6143 | D:7      | HP: 3/68 [killer bee (6)]
  6144 | D:7      | Succumbed to a killer bee's poison

Illustrated notes

Levels and vault maps discovered:
D:1:      dpeg_arrival_ternary, layout_basic, minmay_pentomino_u4
D:2:      layout_basic, serial_forest, infiniplex_forest_zigzag_2,
          infiniplex_forest_3_way, infiniplex_forest_lined_2,
          infiniplex_forest_clump_cross, infiniplex_forest_end_2,
          ebering_ecumenical_altar_abandoned, basic_altar,
          kennysheep_generic_room_3
D:3:      layout_loops_ring, mainiacjoe_overflow_divided_tiny,
          minmay_starry_boxes
D:4:      layout_gridville, minmay_temple_entry_mist, gup_sewer_entry_spiral
D:5:      nicolae_cairo_tiling_large, layout_loops_ring, uniq_prince_ribbit1,
          uniq_grinder
D:6:      layout_cave_pods, minmay_misc_feat_nine_boxes
D:7:      layout_layer_cave, serial_shops, shop, kennysheep_generic_room_9,
          uniq_pikel, uniq_duvessa
Temple:   nicolae_temple_slightly_damp_pantheon

Skill      XL: |  1  2  3  4  5  6  7  8  9 |
---------------+----------------------------+-----
Evocations     | 1 2 3 4 |  4.2
Shields        | 5 6 7 8 |  8.8
Spellcasting   | 1 2 3 |  3.8
Translocations | 1 2 3 4 |  4.4
Fighting       | 4 5 |  5.0
Armour         | 4 5 |  5.5
Axes           | 3 4 |  4.5

Action                   |  1- 3 |  4- 6 |  7- 9 || total
-------------------------+-------+-------+-------++-------
Melee: War axe           |    87 |   190 |   336 ||   613
 Abil: Dig               |       |     1 |     1 ||     2
  Use: Scroll            |       |     4 |     7 ||    11
 Stab: Distracted        |       |       |     2 ||     2
Armor: Scale mail        |    17 |       |       ||    17
       Chain mail        |    35 |    95 |   228 ||   358
Dodge: Dodged            |    46 |    48 |   138 ||   232
Block: Buckler           |    21 |    55 |   106 ||   182
